 Dungeon Crawl Stone Soup version 0.26-a0-43-g20b394cb32 (webtiles) character file.

Game seed: 12543194033775991650

5102 Gynju the Basher (level 10, -2/61 HPs)
             Began as a Gargoyle Earth Elementalist on June 2, 2020.
             Was a Believer of Ru.
             Slain by a two-headed ogre
             ... wielding a +0 giant club
              (4 damage)
             ... on level 9 of the Dungeon.
             The game lasted 00:13:50 (9178 turns).

Gynju the Basher (Gargoyle Earth Elementalist)      Turns: 9178, Time: 00:13:51

Health: -2/61      AC: 23    Str: 14    XL:     10   Next: 57%
Magic:  13/13      EV:  1    Int: 17    God:    Ru [**....]
Gold:   432        SH: 14    Dex: 10    Spells: 12/13 levels left

rFire    . . .     SeeInvis .   a - +3 flail (vorpal)
rCold    . . .     Gourm    .   e - +0 tower shield
rNeg     + . .     Faith    .   H - +0 plate armour
rPois    ∞         Spirit   .   (no helmet)
rElec    +         Reflect  .   h - scarf {+Inv}
rCorr    .         Harm     .   m - +0 pair of gloves
MR       +....                  C - +1 pair of boots {run}
Stlth    ..........             r - amulet of regeneration
HPRegen  0.60/turn              G - ring of protection from magic
MPRegen  0.13/turn              (no ring)

@: horrified, quick
A: negative energy resistance 1, electricity resistance, unbreathing,
petrification resistance, rot immunity, no stealth, cowardly, AC +7
a: Renounce Religion, Evoke Invisibility


You were on level 9 of the Dungeon.
You worshipped Ru.
Ru was pleased with you.
You were not hungry.

You visited 2 branches of the dungeon, and saw 10 of its levels.

You collected 432 gold pieces.

Inventory:

Hand Weapons
 a - a +3 vorpal flail (weapon)
 b - the +8 hunting sling "Itwenelo" {vorpal, rN+ Int+6}
   (You found it on level 5 of the Dungeon)

   Any stone fired from it inflicts extra damage.
   It affects your intelligence (+6).
   It protects you from negative energy.
Missiles
 z - 289 stones (quivered)
Armour
 e - a +0 tower shield (worn)
 h - a scarf of invisibility (worn)
 m - a +0 pair of gloves (worn)
 C - a +1 pair of boots of running (worn)
 H - a +0 plate armour (worn)
Jewellery
 r - an amulet of regeneration (around neck)
 y - a cursed ring of teleportation {unknown}
 G - a ring of protection from magic (left hand)
Wands
 x - a wand of iceblast (13)
 E - a wand of polymorph (5)
Scrolls
 c - 6 scrolls of magic mapping {unknown}
 f - 10 scrolls of teleportation {unknown}
 g - 2 scrolls of fog {unknown}
 i - 3 scrolls of enchant weapon {unknown}
 j - 2 scrolls of fear {unknown}
 k - 8 scrolls of identify {unknown}
 p - 3 scrolls of torment {unknown}
 q - 7 scrolls of remove curse {unknown}
 s - a scroll of immolation {unknown}
 v - 4 scrolls of amnesia {unknown}
 B - a scroll of random uselessness {unknown}
 I - a scroll of blinking {unknown}
Potions
 n - 4 potions of lignification {unknown}
 o - 3 potions of heal wounds {unknown}
 t - 2 potions of might
 u - a potion of cancellation {unknown}
 w - 2 potions of brilliance {unknown}
 A - 2 potions of stabbing {unknown}
 D - 2 potions of curing {unknown}
 F - 2 potions of ambrosia {unknown}
 J - a potion of flight {unknown}
Comestibles
 d - 19 rations
 l - 10 chunks of flesh


   Skills:
 + Level 6.7 Fighting
 * Level 9.1 Maces & Flails
 + Level 6.8 Armour
 - Level 1.7 Dodging
 + Level 6.5 Shields
 - Level 2.0 Spellcasting
   Level 0.7 Transmutations
 - Level 3.6 Earth Magic
 + Level 5.2 Evocations


You had 12 spell levels left.
You knew the following spells:

 Your Spells              Type           Power        Failure   Level  Hunger
a - Sandblast             Erth           ##....       100%        1    #......

Your spell library contained the following spells:

 Spells                   Type           Power        Failure   Level  Hunger
 Sting                    Tmut/Pois      #...         100%        1    #......
 Passwall                 Tmut/Erth      #.......     100%        2    ###....
 Poisonous Vapours        Pois/Air       #.....       100%        2    ###....
 Ignite Poison            Fire/Tmut/Pois #.......     100%        3    ###....
 Mephitic Cloud           Conj/Pois/Air  #.......     100%        3    ###....
 Stone Arrow              Conj/Erth      #.....       100%        3    ###....
 Olgreb's Toxic Radiance  Pois           #.......     100%        4    #####..
 Petrify                  Tmut/Erth      #.......     100%        4    #####..
 Lee's Rapid Deconstruct  Erth           ##........   100%        5    ######.


Dungeon Overview and Level Annotations

Branches:
Dungeon (9/15)             Temple (1/1) D:5            Lair (0/6) D:9
    Orc: D:9-12

Altars:
Ashenzari
Cheibriados
Dithmenos
Elyvilon
Fedhas
Gozag
Hepliaklqana
Kikubaaqudgha
Makhleb
Nemelex Xobeh
Okawaru
Qazlal
Ru
Sif Muna
Trog
Uskayaw
Wu Jian
Yredelemnul
Zin
The Shining One


Innate Abilities, Weirdness & Mutations

You are resistant to torment.
Your stone body is resilient. (AC +7)
You are immune to poison.
You resist negative energy. (rN+)
You are resistant to electric shocks. (rElec)
You can survive without breathing.
You are immune to petrification.
You are immune to rotting.
You cannot be stealthy.
Your cowardice makes you less effective in combat with threatening monsters.


Message History

The two-headed ogre completely misses you.
The two-headed ogre hits you but does no damage.
You hit the two-headed ogre but do no damage.
The two-headed ogre is severely wounded.
You block the two-headed ogre's attack. x2
You barely miss the two-headed ogre.
The two-headed ogre is severely wounded.
The two-headed ogre hits you with a +0 giant club!!
You block the two-headed ogre's attack.
You completely miss the two-headed ogre.
The two-headed ogre is severely wounded.
The two-headed ogre hits you with a +0 giant club!
* * * LOW HITPOINT WARNING * * *
The two-headed ogre hits you with a +0 dire flail of protection.
* * * LOW HITPOINT WARNING * * *
You thump the two-headed ogre!
The two-headed ogre is almost dead.
The two-headed ogre hits you but does no damage.
The two-headed ogre hits you with a +0 dire flail of protection.
You die...

.+
...........'..###.........
.# .........c#### #.........
.# ......... #......... ##
#'#..#### ###'###### ##)##
#.# # #..# #.# ## ###(## ###
#.# ..# #..(.# #.# #.#
...####..(.#####@### #..
...#....(÷.......O(## ####'
..PP.##..........#..##......
.P...##..........##..(.(....
..P..##..........#####......
.P...##..........# .....
P...###..........# ####
....# #..........# P(.##
##.#########


You could see a two-headed ogre.

Vanquished Creatures
  A hippogriff (D:8)
  A yak (D:9)
  Edmund (D:5)
  A water moccasin (D:6)
  4 orc warriors
  A porcupine (D:9)
  2 black bears (D:9)
  An ice beast (D:5)
  2 sky beasts
  A phantom (D:4)
  8 ogres
  4 centaurs
  A crocodile (D:9)
  A big kobold (D:9)
  7 bullfrogs
  A gnoll sergeant (D:8)
  3 scorpions
  3 killer bees (D:7)
  6 wights
  2 howler monkeys (D:5)
  5 crimson imps
  A jelly (D:6)
  2 quasits
  A centaur zombie (D:7)
  A gnoll shaman (D:9)
  10 orc wizards
  5 orc priests
  A hound (D:6)
  2 iguanas
  4 worker ants
  2 hound skeletons (D:7)
  11 adders
  11 gnolls
  A shadow imp (D:5)
  An ooze (D:1)
  5 worms
  A dart slug (D:3)
  14 leopard geckos
  36 orcs
  A ball python (D:2)
  2 giant cockroaches
  5 goblins
  5 hobgoblins
  21 jackals
  6 quokkas
  7 bats
  5 frilled lizards
  11 kobolds
  2 leopard gecko zombies
  A quokka skeleton (D:5)
  A quokka zombie (D:5)
  7 rats
239 creatures vanquished.

Vanquished Creatures (others)
  A goblin (D:3)
  3 fungi (D:9)
  A plant (D:9)
5 creatures vanquished.

Grand Total: 244 creatures vanquished

Notes
Turn   | Place    | Note
-------+----------+-------------------------------------------
     0 | D:1      | Gynju the Gargoyle Earth Elementalist began the quest for
                  | the Orb.
     0 | D:1      | Reached XP level 1. HP: 10/10 MP: 3/3
   424 | D:1      | Reached XP level 2. HP: 16/16 MP: 5/5
   456 | D:1      | Reached skill level 1 in Maces & Flails
   668 | D:1      | Reached skill level 1 in Fighting
   668 | D:1      | Reached skill level 1 in Armour
   867 | D:1      | Reached XP level 3. HP: 15/20 MP: 6/6
  1423 | D:2      | Found a bloodstained altar of Trog.
  1464 | D:2      | Found a white marble altar of Elyvilon.
  1524 | D:2      | Reached skill level 2 in Maces & Flails
  1524 | D:2      | Reached skill level 1 in Shields
  1524 | D:2      | Reached XP level 4. HP: 17/25 MP: 7/7
  1931 | D:2      | Found a stormy altar of Qazlal.
  2009 | D:3      | Noticed a bullfrog
  2034 | D:2      | Killed a bullfrog
  2034 | D:2      | Reached XP level 5. HP: 12/30 MP: 8/8
  2479 | D:3      | Reached skill level 3 in Maces & Flails
  2507 | D:3      | Found a blossoming altar of Fedhas.
  3088 | D:2      | Reached XP level 6. HP: 28/36 MP: 9/9
  3254 | D:3      | Reached skill level 1 in Evocations
  3479 | D:4      | Found an ancient bone altar of Kikubaaqudgha.
  3845 | D:4      | Noticed a phantom
  3976 | D:4      | Killed a phantom
  3976 | D:4      | Reached skill level 4 in Maces & Flails
  4062 | D:4      | Reached XP level 7. HP: 38/41 MP: 10/10
  4073 | D:4      | Identified a +1 pair of boots of running (You found it on
                  | level 4 of the Dungeon)
  4386 | D:5      | Entered Level 5 of the Dungeon
  4471 | D:5      | Got a pitted hunting sling
  4472 | D:5      | Identified the +8 hunting sling "Itwenelo" {vorpal, rN+
                  | Int+6} (You found it on level 5 of the Dungeon)
  4651 | D:5      | Found an ornate altar of the Wu Jian Council.
  4708 | D:5      | Found a staircase to the Ecumenical Temple.
  4799 | Temple   | Entered the Ecumenical Temple
  4855 | Temple   | Became a worshipper of Ru the Awakened
  4909 | D:5      | Found a hide-covered altar of Uskayaw.
  5013 | D:5      | Reached skill level 5 in Maces & Flails
  5109 | D:5      | Reached XP level 8. HP: 48/48 MP: 11/11
  5249 | D:5      | Noticed Edmund
  5269 | D:5      | Killed Edmund
  5758 | D:6      | Reached skill level 6 in Maces & Flails
  6259 | D:6      | Reached XP level 9. HP: 48/53 MP: 12/12
  6291 | D:6      | Found a burning altar of Makhleb.
  6640 | D:7      | Gained mutation: Your cowardice makes you less effective in
                  | combat with threatening monsters. [Ru sacrifice]
  6640 | D:7      | Reached * piety under Ru
  6645 | D:7      | Reached skill level 5 in Fighting
  6645 | D:7      | Reached skill level 5 in Armour
  6690 | D:7      | Reached skill level 7 in Maces & Flails
  6767 | D:7      | Reached skill level 5 in Shields
  6939 | D:7      | Found an iron altar of Okawaru.
  7331 | D:7      | Found a sparkling altar of Nemelex Xobeh.
  7669 | D:8      | Reached skill level 8 in Maces & Flails
  7697 | D:8      | Found a bloodstained altar of Trog.
  7855 | D:8      | Reached XP level 10. HP: 58/60 MP: 13/13
  8139 | D:8      | Gained mutation: You cannot be stealthy. [Ru sacrifice]
  8139 | D:8      | Reached ** piety under Ru
  8997 | D:9      | Reached skill level 5 in Evocations
  9011 | D:9      | Found a staircase to the Lair.
  9095 | D:9      | Reached skill level 9 in Maces & Flails
  9156 | D:9      | Noticed a two-headed ogre
  9177 | D:9      | HP: 2/61 [two-headed ogre/+0 giant club (3)]
  9178 | D:9      | Slain by a two-headed ogre

Illustrated notes

Levels and vault maps discovered:
D:1:      eino_arrival_druids_welcome, layout_loops_ring
D:2:      layout_loops_ring, overflow_temple_1_default, elyvilon_altar_1,
          lemuel_coloured_pillars_altar
D:3:      layout_rooms, fedhas_ov_isle_minmay
D:4:      layout_cave_pods, marbit_many_paths, first_ration
D:5:      layout_loops_ring, eat_drink_and_be_merry_uskayaw, kennysheep_mini,
          minmay_temple_entry_slanted, grunt_ministairs_15,
          chequers_serial_rivers_room_a, uniq_edmund
D:6:      layout_loops_ring, bloody_makhleb
D:7:      layout_loops_ring, okawaru_altar_gauntlet_db,
          nicolae_overflow_hidden_temple
D:8:      layout_gridville, basic_altar
D:9:      layout_roguey, grunt_temple_overflow_champion_of_chaos,
          grunt_lair_entry_orc_guard_hut
Temple:   cyrus_temple_forest

Skill      XL: |  1  2  3  4  5  6  7  8  9 10 |
---------------+-------------------------------+-----
Maces & Flails | 1 2 3 4 5 6 8 9 |  9.1
Fighting       | 1 2 3 4 5 6 |  6.7
Armour         | 1 2 3 4 6 |  6.8
Shields        | 1 2 3 4 5 6 |  6.5
Evocations     | 1 2 3 4 5 |  5.2
Stealth        | 0 |  0.0
Dodging        | |  1.7
Spellcasting   | |  2.0
Transmutations | |  0.7
Earth Magic    | |  3.6

Action                   |  1- 3 |  4- 6 |  7- 9 | 10-12 || total
-------------------------+-------+-------+-------+-------++-------
Melee: Whip              |   261 |   338 |       |       ||   599
       Unarmed           |    11 |       |       |       ||    11
       Short sword       |     5 |       |       |       ||     5
       Mace              |       |   144 |   235 |       ||   379
       Flail             |       |       |   374 |   249 ||   623
 Fire: Hunting sling     |       |       |    27 |     3 ||    30
Invok: Sacrifice Courage |       |       |     1 |       ||     1
       Sacrifice Stealth |       |       |       |     1 ||     1
 Stab: Distracted        |       |       |     1 |       ||     1
  Eat: Chunk             |     3 |     9 |    13 |     4 ||    29
Armor: Scale mail        |   155 |    88 |       |       ||   243
       Robe              |     5 |       |       |       ||     5
       Chain mail        |       |   253 |   438 |       ||   691
       Plate armour      |       |       |   122 |   184 ||   306
Dodge: Dodged            |    59 |    89 |   104 |     6 ||   258
Block: Tower shield      |   125 |       |   107 |   207 ||   439
       Kite shield       |    23 |   197 |   268 |       ||   488

Table legend:
 A = Non-vault XP
 B = Vault XP
 C = Vault XP percentage of total XP
 D = Non-vault monster count
 E = Vault monster count
 F = Vault count percentage of total count
                 A         B        C        D         E       F
            +---------+---------+-------+---------+---------+-------
      Total |    6399 |     890 |  12.2 |     224 |      15 |   6.3
            +---------+---------+-------+---------+---------+-------
        D:1 |      50 |       0 |   0.0 |      27 |       0 |   0.0
        D:2 |     224 |       0 |   0.0 |      22 |       0 |   0.0
        D:3 |     150 |       0 |   0.0 |      20 |       0 |   0.0
        D:4 |     307 |       5 |   1.6 |      17 |       1 |   5.6
        D:5 |     892 |     177 |  16.6 |      24 |       2 |   7.7
        D:6 |     751 |       0 |   0.0 |      27 |       0 |   0.0
        D:7 |    1479 |      36 |   2.4 |      32 |       6 |  15.8
        D:8 |    1617 |       0 |   0.0 |      31 |       0 |   0.0
        D:9 |     929 |     672 |  42.0 |      24 |       6 |  20.0
            +---------+---------+-------+---------+---------+-------
